 Dungeon Crawl Stone Soup version 0.24.0-13-gcf9b3192b9 (webtiles) character file.

Game seed: 5946105669156425625, levelgen mode: deterministic

140 Delamore the Chopper (level 5, -2/45 HPs)
             Began as a Hill Orc Fighter on Nov 9, 2019.
             Engulfed by Ijyb's poison gas (3 damage)
             ... on level 3 of the Dungeon.
             The game lasted 00:02:50 (1312 turns).

Delamore the Chopper (Hill Orc Fighter)             Turns: 1312, Time: 00:02:51

Health: -2/45      AC: 12    Str: 20      XL:     5   Next: 22%
Magic:  14/14      EV: 12    Int:  6 (8)  God:
Gold:   131        SH:  9    Dex: 13 (15) Spells: 4/4 levels left

rFire    . . .     SeeInvis .   a - +0 war axe
rCold    . . .     Gourm    .   c - +0 shield
rNeg     . . .     Faith    .   b - +0 scale mail
rPois    .         Spirit   .   e - +0 helmet
rElec    .         Reflect  .   k - +2 cloak
rCorr    .         Harm     .   (no gloves)
MR       .....                  o - +0 pair of boots
Stlth    +.........             t - amulet of magic regeneration
HPRegen  0.15/turn              n - ring of magical power
MPRegen  0.39/turn              (no ring)

@: agile, lethally poisoned (-2 -> -72)
A: no striking features
a: no special abilities


You were on level 3 of the Dungeon.
You were hungry.

You visited 1 branch of the dungeon, and saw 3 of its levels.

You collected 131 gold pieces.

Inventory:

Hand Weapons
 a - a +0 war axe (weapon)
Armour
 b - a +0 scale mail (worn)
 c - a +0 shield (worn)
 e - a +0 helmet (worn)
 k - a +2 cloak (worn)
 o - a +0 pair of boots (worn)
Jewellery
 n - a ring of magical power (left hand)
 t - an amulet of magic regeneration (around neck)
Scrolls
 h - a scroll of magic mapping {unknown}
 l - 2 scrolls of immolation {unknown}
 m - 3 scrolls of identify {unknown}
 q - a scroll of fog {unknown}
 s - a scroll of enchant weapon {unknown}
Potions
 d - a potion of might
Comestibles
 f - 3 rations


   Skills:
 - Level 3.6 Fighting
 + Level 6.8 Axes
 - Level 3.2 Armour
 + Level 0.5 Stealth
 - Level 3.2 Shields


You had 4 spell levels left.
You didn't know any spells.
Your spell library was empty.

Dungeon Overview and Level Annotations

Branches:
Dungeon (3/15)

Altars:
Vehumet

Annotations:
D:3 Ijyb


Message History

You are engulfed in poison gas.
You are more poisoned.
* * * LOW HITPOINT WARNING * * *
You feel very sick.
Ijyb is engulfed in noxious fumes.
Ijyb appears confused.
You slash Ijyb!
Ijyb is heavily wounded.
You are engulfed in poison gas.
You are more poisoned.
* * * LOW HITPOINT WARNING * * *
You float gracefully downwards.
* * * LOW HITPOINT WARNING * * *
You feel very sick.
Ijyb is engulfed in noxious fumes.
Ijyb appears confused.
Ijyb hits you but does no damage.
It was a potion of agility.
You feel agile all of a sudden.
You are engulfed in poison gas.
You are more poisoned.
You die...

#. ####+#. #......
+.[.... #...... # ######.
#.########### #.
#.#☼§g§...... ..# #.
#.§§☼@..S..## #.# #.
####§###...... #.###.
#......#...... #.#...
###......# ..... #.#.#.
#........# ..... #.#.#.
#.#......# .... #.#.#.
#.#......# #+### #.#'#.
#.#.....†###.#######.....
#.#.......)..............


You could see Ijyb (confused) and an adder (confused).

Vanquished Creatures
  A sky beast (D:3)
  An adder (D:3)
  A dart slug (D:2)
  A leopard gecko (D:3)
  An orc (D:3)
  2 ball pythons (D:1)
  3 bats
  5 goblins
  2 hobgoblins (D:1)
  3 kobolds
  2 quokkas
  4 frilled lizards
  4 rats
30 creatures vanquished.

Notes
Turn   | Place    | Note
-------+----------+-------------------------------------------
     0 | D:1      | Delamore the Hill Orc Fighter began the quest for the Orb.
     0 | D:1      | Reached XP level 1. HP: 19/19 MP: 1/1
     5 | D:1      | Reached skill level 3 in Axes
    79 | D:1      | Reached XP level 2. HP: 25/26 MP: 2/2
   282 | D:1      | Reached skill level 4 in Axes
   694 | D:2      | Reached XP level 3. HP: 31/31 MP: 3/3
   797 | D:2      | Found a radiant altar of Vehumet.
  1123 | D:3      | Reached skill level 5 in Axes
  1247 | D:3      | Noticed a sky beast
  1263 | D:3      | HP: 1/31 [sky beast (6)]
  1282 | D:3      | Killed a sky beast
  1282 | D:3      | Reached skill level 6 in Axes
  1282 | D:3      | Reached XP level 4. HP: 39/39 MP: 4/4
  1282 | D:3      | Reached XP level 5. HP: 45/45 MP: 5/5
  1299 | D:3      | Noticed Ijyb
  1311 | D:3      | HP: 1/45 [poisoned by Ijyb (poison gas)]
  1312 | D:3      | Engulfed by Ijyb's poison gas

Levels and vault maps discovered:
D:1:      saegor_arrival_simple_b, layout_rooms, nrook_uturn
D:2:      layout_rooms, vehumet_crystals
D:3:      layout_basic, makhleb_heckhound_becter,
          nicolae_dithmenos_shadow_blocks, tgw_xom, uniq_natasha, uniq_ijyb

Skill      XL: |  1  2  3 |
---------------+----------+-----
Axes           | 3 4 6 |  6.8
Fighting       | |  3.6
Armour         | |  3.2
Stealth        | |  0.5
Shields        | |  3.2

Action                   |  1- 3 |  4- 6 || total
-------------------------+-------+-------++-------
Melee: War axe           |   116 |     9 ||   125
  Use: Potion            |     3 |     1 ||     4
  Eat: Chunk             |     1 |       ||     1
Armor: Scale mail        |    73 |    12 ||    85
Dodge: Dodged            |    32 |     3 ||    35
Block: Shield            |    47 |     6 ||    53
